Cogmind - Beta 10.1 @@@ ROGUE MODE // 2020.10.28 @ 01:05:56 Player: Hermelin Result: Destroyed by H-66 Slayer with Heavy Assault Rifle Performance ------------- Evolutions (4) 2000 Regions Visited (16) 3200 Robots Destroyed (282) 1410 Value Destroyed (9298) 9298 Prototype IDs (65) 1300 Alien Tech Used (0) 0 Bonus (3636) 3636 TOTAL SCORE: 20844 Bonus ------- High Alert Combat Kills 736 Entered Garrisons 600 Used RIF Installer 1500 Aligned with FarCom 300 Exposed GOLEM Chamber 500 Cogmind --------- Core Integrity 0/850 Matter 300/300 Energy 1491/1500 System Corruption 1% Temperature Cool (60) Movement Walking (170) Ox1 Location -5/Proximity Caves Parts ------- > --- POWER (2) -------- F-cell Engine Zionite Light DM Reactor > --- PROPULSION (4) --- Spiked Medium Treads Zionite Composite Leg I Zionite Composite Leg I Assembled Alloy Leg > --- UTILITY (6) ------ Medium Storage Unit Medium Storage Unit Assembled Biocell Array Experimental Core Analyzer GOLEM Unit > --- WEAPON (3) ------- Advanced Plasma Cannon Battle Rifle CR-A16's Behemoth Slayer > --- INVENTORY (12) --- Antigrav System Improved Heat Sink Zionite Biocell (1000) Makeshift Terrain Scanner Advanced Armor Integrity Analyzer Microactuators Experimental System Shield Relay Coupler [NC] (34) Bomb Factory No. 2 Peak State ------------ > --- POWER ------------ F-cell Engine Zionite Light DM Reactor > --- PROPULSION ------- Spiked Medium Treads Zionite Composite Leg I Zionite Composite Leg I Assembled Alloy Leg > --- UTILITY ---------- Medium Storage Unit Medium Storage Unit Assembled Biocell Array Experimental Core Analyzer GOLEM Unit > --- WEAPON ----------- Advanced Plasma Cannon Battle Rifle CR-A16's Behemoth Slayer > --- INVENTORY -------- Antigrav System Improved Heat Sink Zionite Biocell Makeshift Terrain Scanner Advanced Armor Integrity Analyzer Microactuators Experimental System Shield Relay Coupler [NC] Bomb Factory No. 2 [Rating: 98] Favorites ----------- Power Micro Nuclear Core Engine Makeshift Power Source Power Core Micro Nuclear Core Reactor Zionite Light DM Reactor Propulsion Makeshift Leg Treads Light Treads Leg Makeshift Leg Wheel Armored Huge Wheel Flight Unit Nuclear Pulse Array Utility Medium Storage Unit Device Advanced Weight Redist. System Storage Medium Storage Unit Processor Armor Integrity Analyzer Hackware Hacking Suite Protection Makeshift Armor Plating Weapon Enhanced Autogun Energy Gun Zionite Phaser-S Energy Cannon Heavy Ion Cannon Ballistic Gun Enhanced Autogun Ballistic Cannon AWS/Autocannon Launcher Grenade Launcher Special Weapon Remote Datajack Impact Weapon Makeshift Hammer Slashing Weapon Power Sword Piercing Weapon CR-A16's Behemoth Slayer Special Melee Weapon Datajack Build | -11 -10 -10 -10 -9 -8 -8 -8 -8 -7 -7 -6 -6 -6 -6 -6 -5 ------- Run | Scr Mat Min Exi Min Mat Gar Mat Gar Fac Gar Fac Low Low Zio Dee Pro Slots Evolved 8 | . . . . . 4 . . . 2 . 2 . . . . . Power 1 | . . . . . . . . . 1 . . . . . . . Propulsion 2 | . . . . . . . . . 1 . 1 . . . . . Utility 4 | . . . . . 3 . . . . . 1 . . . . . Weapon 1 | . . . . . 1 . . . . . . . . . . . Parts Attached 284 | 7 13 3 3 . 43 4 25 6 70 15 16 8 1 39 21 10 Power 29 | 1 1 . . . 5 . 1 . 8 3 . 1 . 8 1 . Engine 18 | 1 1 . . . 5 . . . 5 . . 1 . 5 . . Core 10 | . . . . . . . 1 . 3 3 . . . 3 . . Reactor 1 | . . . . . . . . . . . . . . . 1 . Propulsion 45 | 2 4 . . . 6 . 1 . 8 1 3 . . 14 4 2 Treads 14 | 1 1 . . . 3 . . . 4 1 . . . 2 1 1 Leg 16 | . . . . . . . . . . . . . . 12 3 1 Wheel 11 | 1 3 . . . 3 . 1 . 2 . 1 . . . . . Hover . | . . . . . . . . . . . . . . . . . Flight 4 | . . . . . . . . . 2 . 2 . . . . . Utility 90 | 2 2 . 1 . 12 . 10 2 20 5 5 2 1 9 12 7 Device 33 | . . . . . 4 . 5 . 5 2 3 . 1 4 5 4 Storage 12 | 2 2 . 1 . 1 . 2 . 2 . . . . . 1 1 Processor 6 | . . . . . 2 . . . 1 . . 1 . 1 1 . Hackware 8 | . . . . . 1 . . 1 3 2 1 . . . . . Protection 31 | . . . . . 4 . 3 1 9 1 1 1 . 4 5 2 Artifact . | . . . . . . . . . . . . . . . . . Weapon 120 | 2 6 3 2 . 20 4 13 4 34 6 8 5 . 8 4 1 Energy Gun 16 | . . . . . 7 1 4 . . . 1 . . 1 2 . Energy Cannon 3 | . . . . . . . . . . . 1 . . 1 . 1 Ballistic Gun 46 | 2 6 2 . . 9 3 8 3 11 . . . . . 2 . Ballistic Cannon 9 | . . . . . . . 1 . 4 3 1 . . . . . Launcher 11 | . . 1 1 . 2 . . 1 5 . . 1 . . . . Special Weapon 8 | . . . . . . . . . 5 . 3 . . . . . Impact Weapon 3 | . . . . . 2 . . . . . . . . 1 . . Slashing Weapon 11 | . . . . . . . . . 4 . 2 3 . 2 . . Piercing Weapon 12 | . . . . . . . . . 5 3 . 1 . 3 . . Special Melee Weapon 1 | . . . 1 . . . . . . . . . . . . . Unidentified Prototypes 17 | . . . . . 2 . 3 . 1 . 1 . . 3 7 . Parts Lost 54 | . 4 2 . . 8 1 5 1 9 2 . 3 . 13 5 1 Power 10 | . 1 . . . 1 . . . 4 . . . . 4 . . Propulsion 12 | . 1 . . . 4 . . . . 1 . 1 . 3 1 1 Utility 15 | . . . . . . . 3 1 3 1 . 1 . 4 2 . Weapon 17 | . 2 2 . . 3 1 2 . 2 . . 1 . 2 2 . Highest Loss Streak 12 | . 2 1 . . 5 1 1 1 3 1 . 2 . 12 4 1 Average Slot Usage (%) 86 | . 99 99 94 85 82 80 80 80 79 67 74 84 80 85 99 94 Engine 8 | . 14 14 14 14 7 9 6 . 11 . . 4 6 7 7 6 Core 3 | . . . . . . . 2 9 3 12 13 7 6 4 . . Treads 3 | . 13 14 14 14 5 . . . 5 2 2 . . . 1 6 Leg 6 | . . . . . . . . . . . . . . 7 24 19 Wheel 4 | . 13 14 14 14 8 9 9 9 7 7 3 . . . . . Flight 1 | . . . . . . . . . . . 6 13 6 4 . . Device 7 | . . . . . 6 9 8 9 3 7 13 13 13 11 7 2 Storage 13 | . 28 28 22 14 9 9 9 9 7 15 13 13 13 13 13 15 Processor 5 | . . . . . 9 9 2 . 3 . . 5 6 5 12 11 Hackware 2 | . . . . . 3 9 9 8 6 7 10 4 . . . . Protection 5 | . . . . . 5 . 6 9 6 4 . 2 6 7 4 3 Energy Gun 1 | . . . . . 11 15 2 . . . . . . . 3 . Ballistic Gun 8 | . 28 15 14 14 14 11 22 27 16 . . . . . 2 12 Slashing Weapon 2 | . . . . . . . . . . . 2 11 13 5 4 . Piercing Weapon 5 | . . . . . . . . . . . . 4 6 12 6 6 Naked Turns . | . . . . . . . . . . . . . . . . . Heaviest Build 127 | 16 40 41 89 89 106 102 105 116 127 94 88 40 38 74 74 53 Greatest Support 88 | 20 20 16 16 16 40 28 28 28 37 37 49 49 38 80 88 68 Greatest Overweight (x) 10 | 2 3 2 5 5 10 3 3 4 4 2 2 1 . 1 2 1 Average Overweight (x) 2 | . 2 2 2 5 6 3 2 3 3 1 . . . . . . Largest Inventory Capacity 44 | 8 16 16 24 24 44 24 28 24 24 12 12 12 12 12 12 12 Average Capacity 16 | 6 14 16 18 24 24 24 24 24 22 12 12 12 12 12 12 12 Most Carried 24 | 5 16 15 21 23 24 24 24 24 24 12 12 12 12 12 12 12 Average Carried 15 | 2 13 14 16 20 23 23 23 23 22 11 11 11 12 11 10 11 Final Capacity 24 | 8 16 16 24 24 24 24 24 24 12 12 12 12 12 12 12 12 Final Carried 24 | 5 15 14 20 23 24 24 24 24 12 12 12 12 12 12 12 10 Class Distribution -------------------- 35% | Mutant 24% | Scavenger-Mutant 21% | Hauler-Skirmisher 8% | Hauler-Mutant 4% | Bothacker-Mutant 3% | Derelict-Mutant Dominant Class ---------------- Mutant | -10/Materials Mutant | -10/Mines Mutant | -10/Exiles Hauler-Mutant | -9/Mines Hauler-Skirmisher | -8/Materials Hauler-Skirmisher | -8/Garrison Hauler-Skirmisher | -8/Materials Hauler-Skirmisher | -8/Garrison Hauler-Skirmisher | -7/Factory Mutant | -7/Garrison Bothacker-Mutant | -6/Factory Derelict-Mutant | -6/Lower Caves Derelict-Mutant | -6/Lower Caves Mutant | -6/Zion Scavenger-Mutant | -6/Deep Caves Derelict-Mutant | -5/Proximity Caves Resources | -11 -10 -10 -10 -9 -8 -8 -8 -8 -7 -7 -6 -6 -6 -6 -6 -5 ----------- Run | Scr Mat Min Exi Min Mat Gar Mat Gar Fac Gar Fac Low Low Zio Dee Pro Matter Collected 6826 | 278 572 61 . 280 815 98 1306 350 1895 133 176 89 10 385 277 101 Remotely . | . . . . . . . . . . . . . . . . . Salvage Created 11341 | 94 843 80 . 60 1316 404 2002 630 2887 407 176 69 70 889 1231 183 Parts 547 | 2 56 5 . 4 67 14 101 34 150 20 8 5 . 60 12 9 Haulers Intercepted 13 | . 1 . . . 2 . 5 . 4 . 1 . . . . . Recyclers Shooed 5 | . . . . . . . . . 5 . . . . . . . Parts Field Recycled . | . . . . . . . . . . . . . . . . . Retrieved Matter . | . . . . . . . . . . . . . . . . . Parts Self-Destructed 11 | . . . . . . . . . . . . 5 . . . 6 Prevented . | . . . . . . . . . . . . . . . . . Kills | -11 -10 -10 -10 -9 -8 -8 -8 -8 -7 -7 -6 -6 -6 -6 -6 -5 ------- Run | Scr Mat Min Exi Min Mat Gar Mat Gar Fac Gar Fac Low Low Zio Dee Pro Combat Hostiles Destroyed 193 | . 21 5 . 3 22 5 28 15 44 21 1 3 . 7 15 3 Melee 28 | . . . . . . . . . 1 . 1 3 . 6 14 3 Guns 102 | . 21 1 . . 17 4 26 11 22 . . . . . . . Cannons 31 | . . . . . . . 2 . 8 20 . . . . 1 . AOE 23 | . . 4 . 3 2 . . 4 10 . . . . . . . Classes Destroyed 21 | 1 5 . . 1 3 1 1 . 3 . . . . 5 1 . Worker 8 | . . . . . 4 . 1 . 3 . . . . . . . Builder 8 | . . . . . 1 . 2 . 5 . . . . . . . Hauler 13 | . 1 . . . 2 . 5 . 4 . 1 . . . . . Recycler 12 | 1 . . . 1 . . 3 . 7 . . . . . . . Operator 5 | . 2 . . . . . 1 . 2 . . . . . . . Watcher 13 | . 3 . . . 2 . 5 . 3 . . . . . . . Swarmer 45 | . 6 3 . . 2 . 2 4 13 12 . 3 . . . . Grunt 83 | . 15 2 . . 16 2 15 9 15 7 . . . . . 2 Brawler 3 | . . . . . . . . . 2 1 . . . . . . Duelist 4 | . . . . . . . 2 1 1 . . . . . . . Protector 1 | . . . . . . . . . 1 . . . . . . . Sentry 20 | . . . . . 4 2 7 1 5 . 1 . . . . . Hunter 3 | . . . . . . 1 2 . . . . . . . . . Programmer 9 | . . . . . . . . . 7 1 . . . . . 1 Zionite 23 | . . . . . . . . . . . . . . 23 . . Z-Technician 5 | . . . . . . . . . . . . . . . 5 . Tinkerer 2 | . . . . . . . . . . . . . . 2 . . Assembled 9 | . . . . 3 . . . . . . . . . . 6 . Golem 9 | . . . . . . . . . . . . . . . 9 . Butcher 1 | . . . . . . . . . . . . . . 1 . . Martyr 1 | . . . . . . . . . . . . . . 1 . . Marauder 1 | . . . . . . . . . . . . . . 1 . . Mutant 3 | . . . . . . . . . . . . . . 3 . . Best Kill Streak 7 | 1 6 3 . 4 3 3 7 7 7 7 1 3 . 5 5 2 Combat Bots Only 7 | . 6 3 . 3 3 3 3 7 6 7 1 3 . 1 3 2 Max Kills in Single Turn 3 | 1 1 2 . 2 1 1 2 2 3 1 1 1 . 2 1 1 Gunslinging 1 | . . . . . . . . 1 . . . . . . . . Exploded 2 | . . 2 . 2 1 . . 2 2 . . . . . . . Melee 1 | . . . . . . . . . 1 . 1 1 . 1 1 1 Uniques/NPCs Destroyed 1 | . . . . . . . . . . . . . . 1 . . Imprinter (-6/Zion) Combat | -11 -10 -10 -10 -9 -8 -8 -8 -8 -7 -7 -6 -6 -6 -6 -6 -5 -------- Run | Scr Mat Min Exi Min Mat Gar Mat Gar Fac Gar Fac Low Low Zio Dee Pro Damage Taken 13393 | . 960 86 . 132 1641 204 1473 182 2960 1199 244 318 . 2070 1530 394 Core 1942 | . 184 37 . 12 211 41 181 13 265 137 64 37 . 459 268 33 Absorbed by Shields 278 | . . . . . . . . . . 9 . . . 144 125 . Core Remaining (%) 41 | 100 . . . 6 . . . 18 . 42 . . . . . . Volleys Fired 566 | 2 107 5 . 5 89 14 123 33 126 . 5 1 . . 54 2 Largest 3 | 2 2 1 . 1 3 3 3 3 3 . 1 1 . . 1 2 Hottest 133 | 40 40 30 . 30 133 128 123 75 78 . 65 39 . . 65 98 Shots Fired 1382 | 4 214 5 . 5 228 40 344 86 340 53 5 1 . . 54 3 Gun 1201 | 4 214 1 . . 217 40 311 83 284 . . . . . 45 2 Cannon 125 | . . . . . . . 33 . 28 53 1 . . . 9 1 Launcher 47 | . . 4 . 5 11 . . 3 23 . . 1 . . . . Special 9 | . . . . . . . . . 5 . 4 . . . . . Kinetic 1157 | 4 214 1 . . 133 16 310 83 312 53 . . . . 29 2 Thermal 73 | . . . . . 35 . 27 . . . 1 . . . 9 1 Explosive 9 | . . 4 . 5 . . . . . . . . . . . . Electromagnetic 118 | . . . . . 60 24 7 3 23 . . 1 . . . . Phasic 16 | . . . . . . . . . . . . . . . 16 . Robot Hit Streak 20 | 3 16 3 . 3 12 14 20 12 15 10 11 . . . 3 3 Robot Miss Streak 10 | . 5 1 . 2 7 3 5 10 5 3 1 . . . 2 . Penetration Max . | . . . . . . . . . . . . . . . . . Secondary Targets 24 | . 8 . . . 3 1 6 2 4 . . . . . . . Max Gunslinging Chain 1 | . 1 . . . 1 1 1 1 1 . . . . . . . Autonomous 75 | . . . . . . . . . 22 53 . . . . . . Shots Hit Robots 1049 | 3 153 3 4 3 158 32 220 52 215 40 8 7 2 64 72 13 Core Hits 517 | 2 60 8 . 8 88 12 79 28 117 20 3 3 1 33 49 6 Critical Hits 33 | . . . . . . 1 . 2 10 1 . . . 2 13 4 Critical Kills 17 | . . . . . . 1 . . 7 1 . . . 1 5 2 Critical Parts Destroyed 12 | . . . . . . . . 2 2 . . . . . 6 2 Melee Attacks 265 | . . . 4 . 2 . . . 16 3 13 10 2 111 92 12 Impact 11 | . . . . . 2 . . . . . . . . 9 . . Slashing 58 | . . . . . . . . . 8 . 13 10 2 11 14 . Piercing 192 | . . . . . . . . . 8 3 . . . 91 78 12 Sneak Attacks 15 | . . . 4 . . . . . 3 . 1 . . 2 5 . Combat Hostiles . | . . . . . . . . . . . . . . . . . Follow-up Attacks 21 | . . . . . . . . . 2 . . 1 . 13 5 . Damage Inflicted 30749 | 31 1435 316 . 293 2674 613 3663 1081 6902 3638 389 271 250 3351 5267 575 Guns 11309 | 31 1435 9 . . 1869 521 3197 879 3134 . . . . . 198 36 Cannons 5739 | . . . . . . . 451 . 1592 3638 . . . . 27 31 Explosions 3273 | . . 307 . 293 805 92 15 202 1559 . . . . . . . Melee 10402 | . . . . . . . . . 599 . 381 271 250 3351 5042 508 Ramming 26 | . . . . . . . . . 18 . 8 . . . . . Kinetic 14866 | 31 1435 9 . . 813 106 3193 879 4726 3638 . . . . . 36 Thermal 1473 | . . . . . 768 92 360 . 195 . . . . . 27 31 Explosive 675 | . . 307 . 293 . . . . 75 . . . . . . . Electromagnetic 3109 | . . . . . 1093 415 110 202 1289 . . . . . . . Impact . | . . . . . . . . . . . . . . . . . Slashing 1811 | . . . . . . . . . 534 . 381 271 250 142 233 . Piercing 8591 | . . . . . . . . . 65 . . . . 3209 4809 508 Phasic 198 | . . . . . . . . . . . . . . . 198 . Highest Corruption 6 | . . . . . 1 1 2 2 6 1 . 1 1 1 1 1 Average Corruption 1 | . . . . . 1 1 1 2 4 1 . 1 1 1 1 1 Corruption Purged 8 | . . . . . . . . . 7 1 . . . . . . Effects 111 | . . . . . 6 1 12 6 69 . . . . 1 13 3 Message Errors 30 | . . . . . 2 . 5 . 14 . . . . 1 6 2 Matter Fused 13 | . . . . . . . . . 13 . . . . . . . Heat Flow Errors 9 | . . . . . . . . . 9 . . . . . . . Energy Discharges 11 | . . . . . . . 2 1 4 . . . . . 3 1 Data Loss (minor) 23 | . . . . . 3 . 4 1 12 . . . . . 3 . Data Loss (major) 1 | . . . . . . . . . 1 . . . . . . . Misfires 4 | . . . . . . . . . 4 . . . . . . . Targeting Errors 19 | . . . . . 1 1 1 3 12 . . . . . 1 . Weapon Failures 1 | . . . . . . . . 1 . . . . . . . . Overload Shots . | . . . . . . . . . . . . . . . . . Overflow Damage 2129 | . . 35 . . 17 . . . 477 695 6 68 122 399 296 14 Projectiles 988 | . . . . . . . . . 293 695 . . . . . . Explosions 93 | . . 35 . . 17 . . . 19 . . 22 . . . . Melee 1048 | . . . . . . . . . 165 . 6 46 122 399 296 14 Knockbacks 34 | . . . . . . . 4 . 11 19 . . . . . . Impact . | . . . . . . . . . . . . . . . . . Kinetic 30 | . . . . . . . 4 . 10 16 . . . . . . Secondary 4 | . . . . . . . . . 1 3 . . . . . . Self-Inflicted Damage 561 | . . 16 . 39 47 40 . 7 387 . . 25 . . . . Shots 24 | . . 1 . 1 1 1 . 1 18 . . 1 . . . . Rammed 4 | . . . . . . . . . 3 . 1 . . . . . Targets Rammed 4 | . . . . . . . . . 3 . 1 . . . . . Kicked . | . . . . . . . . . . . . . . . . . Crushed . | . . . . . . . . . . . . . . . . . Highest Temperature 454 | . 30 5 . . 302 69 454 198 350 . 26 4 . 6 300 89 Average Temperature 72 | . 10 3 . . 64 27 85 77 84 . 11 4 . 3 74 57 Received Heat Transfer 3238 | . 432 15 . . 819 36 567 108 558 66 78 12 . 189 262 96 Effects 10 | . . . . . 3 . 3 . 4 . . . . . . . Shutdowns 2 | . . . . . . . 1 . 1 . . . . . . . Energy Bleed 1 | . . . . . . . 1 . . . . . . . . . Interference 5 | . . . . . 3 . . . 2 . . . . . . . Matter Decay 1 | . . . . . . . . . 1 . . . . . . . Damage (minor) 1 | . . . . . . . 1 . . . . . . . . . Siege Activations . | . . . . . . . . . . . . . . . . . Robots Corrupted 7 | . . . . . 3 1 . . 3 . . . . . . . Combat Hostiles 7 | . . . . . 3 1 . . 3 . . . . . . . Parts Fried 11 | . . . . . 4 1 . . 5 1 . . . . . . Impact Corruptions 1 | . . . . . . . . . . 1 . . . . . . Robots Melted . | . . . . . . . . . . . . . . . . . Combat Hostiles . | . . . . . . . . . . . . . . . . . Parts Melted 2 | . . . . . . . 2 . . . . . . . . . Heat Transferred 2183 | . . . . . 845 100 901 . 250 . . . . . 37 50 Parts Sabotaged . | . . . . . . . . . . . . . . . . . Parts Stolen . | . . . . . . . . . . . . . . . . . Parts Stripped . | . . . . . . . . . . . . . . . . . Power Chain Reactions 11 | . . . . . 4 2 1 . 4 . . . . . . . Missiles Intercepted . | . . . . . . . . . . . . . . . . . Alert | -11 -10 -10 -10 -9 -8 -8 -8 -8 -7 -7 -6 -6 -6 -6 -6 -5 ------- Run | Scr Mat Min Exi Min Mat Gar Mat Gar Fac Gar Fac Low Low Zio Dee Pro Peak Influence 1011 | 5 313 175 . 5 204 358 410 488 746 1011 933 . . . . . Initial 530 | . 3 75 . . . 132 174 169 256 522 530 . . . . . Average 311 | 1 178 152 . 1 93 220 230 328 428 768 709 . . . . . Maximum Alert Level 3 | . 1 . . . 1 1 2 2 3 3 3 . . . . . Low Security (%) 38 | 100 58 100 . 100 99 61 34 17 5 . . . . . . . Level 1 27 | . 41 . . . . 38 63 48 29 . . . . . . . Level 2 25 | . . . . . . . 2 34 59 37 45 . . . . . Level 3 7 | . . . . . . . . . 5 62 54 . . . . . Level 4 . | . . . . . . . . . . . . . . . . . Level 5 . | . . . . . . . . . . . . . . . . . High Security . | . . . . . . . . . . . . . . . . . Max Security . | . . . . . . . . . . . . . . . . . Squads Dispatched 46 | . 8 . . . 7 . 3 . 21 . 7 . . . . . Investigation 22 | . 5 . . . 3 . 2 . 7 . 5 . . . . . Extermination 5 | . . . . . . . . . 5 . . . . . . . Reinforcement 14 | . 3 . . . 3 . 1 . 6 . 1 . . . . . Assault 3 | . . . . . . . . . 2 . 1 . . . . . Garrison 2 | . . . . . 1 . . . 1 . . . . . . . Intercept . | . . . . . . . . . . . . . . . . . Construction Impeded 4 | . . . . . 1 . . . 3 . . . . . . . Haulers Reinforced 1 | . . . . . . . . . . . 1 . . . . . Stealth | -11 -10 -10 -10 -9 -8 -8 -8 -8 -7 -7 -6 -6 -6 -6 -6 -5 --------- Run | Scr Mat Min Exi Min Mat Gar Mat Gar Fac Gar Fac Low Low Zio Dee Pro Distress Signals 14 | . 4 . . . 6 . 1 1 2 . . . . . . . Communications Jammed . | . . . . . . . . . . . . . . . . . Distress Signals . | . . . . . . . . . . . . . . . . . Times Spotted 358 | . 39 5 . 3 44 5 40 20 64 33 7 7 . 62 23 6 Peak Tracking Total 11 | . 5 3 . 3 4 2 4 6 5 11 5 4 . 9 9 3 Tactical Retreats 59 | . 4 . . . 2 . 1 8 6 6 1 1 . 19 9 2 Traps | -11 -10 -10 -10 -9 -8 -8 -8 -8 -7 -7 -6 -6 -6 -6 -6 -5 ------- Run | Scr Mat Min Exi Min Mat Gar Mat Gar Fac Gar Fac Low Low Zio Dee Pro Traps Triggered 31 | . 4 . . . 1 . 1 4 11 9 1 . . . . . Indirectly 1 | . . . . . . . . . 1 . . . . . . . Trap Hack Attempts . | . . . . . . . . . . . . . . . . . Triggered . | . . . . . . . . . . . . . . . . . Disarmed . | . . . . . . . . . . . . . . . . . Reprogrammed . | . . . . . . . . . . . . . . . . . Reused . | . . . . . . . . . . . . . . . . . Traps Extracted . | . . . . . . . . . . . . . . . . . Installed . | . . . . . . . . . . . . . . . . . Triggered . | . . . . . . . . . . . . . . . . . Machines | -11 -10 -10 -10 -9 -8 -8 -8 -8 -7 -7 -6 -6 -6 -6 -6 -5 ---------- Run | Scr Mat Min Exi Min Mat Gar Mat Gar Fac Gar Fac Low Low Zio Dee Pro Machines Disabled 26 | . . . . . 2 . 4 2 13 3 . . . . 2 . Max in Single Turn 4 | . . . . . 1 . 1 1 4 1 . . . . 1 . Garrison Access 2 | . . . . . . . . . 2 . . . . . . . Garrison Relay 5 | . . . . . . . . 2 . 3 . . . . . . Machines Sabotaged . | . . . . . . . . . . . . . . . . . Garrisons Compromised . | . . . . . . . . . . . . . . . . . Overloaded Fab Kills . | . . . . . . . . . . . . . . . . . Fab Network Shutdowns 1 | . . . . . . . . . . . 1 . . . . . Hacking | -11 -10 -10 -10 -9 -8 -8 -8 -8 -7 -7 -6 -6 -6 -6 -6 -5 --------- Run | Scr Mat Min Exi Min Mat Gar Mat Gar Fac Gar Fac Low Low Zio Dee Pro Machines Accessed 60 | . 7 . 2 . 8 . 13 . 20 . 8 2 . . . . Terminals 28 | . 5 . . . 5 . 9 . 6 . 3 . . . . . Fabricators 5 | . . . . . . . . . 3 . 2 . . . . . Repair Stations 6 | . 1 . . . . . 1 . 3 . 1 . . . . . Recycling Units 6 | . 1 . . . 1 . 1 . 2 . 1 . . . . . Scanalyzers 6 | . . . . . 1 . 1 . 4 . . . . . . . Garrison Access 5 | . . . . . 1 . 1 . 2 . 1 . . . . . Total Hacks 206 | . 23 . 2 . 30 . 48 . 76 . 21 6 . . . . Successful 131 | . 15 . 2 . 20 . 28 . 50 . 10 6 . . . . Failed 72 | . 7 . . . 9 . 19 . 26 . 11 . . . . . Catastrophic 9 | . 1 . . . 1 . 3 . 4 . . . . . . . Database Lockouts 3 | . 1 . . . 1 . 1 . . . . . . . . . Manual 63 | . 13 . 1 . 12 . 17 . 14 . 6 . . . . . Terminals 100 | . 18 . . . 22 . 35 . 17 . 8 . . . . . Fabricators 11 | . . . . . . . . . 7 . 4 . . . . . Repair Stations 15 | . 3 . . . . . 4 . 6 . 2 . . . . . Recycling Units 17 | . 2 . . . 2 . 2 . 7 . 4 . . . . . Scanalyzers 45 | . . . . . 4 . 6 . 35 . . . . . . . Garrison Access 10 | . . . . . 2 . 1 . 4 . 3 . . . . . Terminal Hacks 50 | . 10 . 2 . 11 . 14 . 4 . 3 6 . . . . Record 6 | . . . 1 . . . . . . . . 5 . . . . Part Schematic 4 | . . . . . 1 . 2 . 1 . . . . . . . Robot Schematic 2 | . 2 . . . . . . . . . . . . . . . Robot Analysis 7 | . 4 . . . 2 . 1 . . . . . . . . . Prototype ID Bank 5 | . 1 . . . 1 . 2 . . . 1 . . . . . Open Door 1 | . . . . . . . . . . . . 1 . . . . Branch Access Points 2 | . . . . . 1 . . . . . 1 . . . . . Terminal Index 2 | . . . . . . . 1 . 1 . . . . . . . Unreport Threat 5 | . . . . . 1 . 3 . 1 . . . . . . . Locate Traps 6 | . 1 . . . 2 . 1 . 1 . 1 . . . . . Hauler Manifests 1 | . . . . . 1 . . . . . . . . . . . Zone Layout 8 | . 2 . . . 2 . 4 . . . . . . . . . EX-Prototype ID Bank 1 | . . . 1 . . . . . . . . . . . . . Fabricator Hacks 6 | . . . . . . . . . 3 . 3 . . . . . Network Status 1 | . . . . . . . . . . . 1 . . . . . Load Schematic 3 | . . . . . . . . . 2 . 1 . . . . . Build 2 | . . . . . . . . . 1 . 1 . . . . . Repair Station Hacks 10 | . 2 . . . . . 4 . 3 . 1 . . . . . Scan Component 5 | . 1 . . . . . 2 . 1 . 1 . . . . . Repair 4 | . 1 . . . . . 2 . 1 . . . . . . . Refit 1 | . . . . . . . . . 1 . . . . . . . Recycling Unit Hacks 5 | . 1 . . . 1 . 1 . 1 . 1 . . . . . Report Inventory 5 | . 1 . . . 1 . 1 . 1 . 1 . . . . . Scanalyzer 40 | . . . . . 4 . 6 . 30 . . . . . . . Insert Component 20 | . . . . . 2 . 3 . 15 . . . . . . . Analyze 20 | . . . . . 2 . 3 . 15 . . . . . . . Garrison Access Hacks 7 | . . . . . 1 . 1 . 4 . 1 . . . . . Unlock Access 3 | . . . . . 1 . 1 . 1 . . . . . . . Seal Access 1 | . . . . . . . . . 1 . . . . . . . Coupler Status 3 | . . . . . . . . . 2 . 1 . . . . . Unauthorized Hacks 13 | . 2 . . . 3 . 2 . 5 . 1 . . . . . Terminals 6 | . 1 . . . 1 . 1 . 3 . . . . . . . Track 4 | . 1 . . . 1 . . . 2 . . . . . . . Assimilate 1 | . . . . . . . . . 1 . . . . . . . Botnet 1 | . . . . . . . 1 . . . . . . . . . Fabricators 1 | . . . . . . . . . 1 . . . . . . . Report 1 | . . . . . . . . . 1 . . . . . . . Repair Stations . | . . . . . . . . . . . . . . . . . Recycling Units 5 | . 1 . . . 1 . 1 . 1 . 1 . . . . . Tunnel 5 | . 1 . . . 1 . 1 . 1 . 1 . . . . . Scanalyzers . | . . . . . . . . . . . . . . . . . Garrison Access 1 | . . . . . 1 . . . . . . . . . . . Reprogram 1 | . . . . . 1 . . . . . . . . . . . Data Cores Recovered 2 | . . . . . . . 1 . 1 . . . . . . . Used . | . . . . . . . . . . . . . . . . . Hacking Detections 48 | . 6 . . . 6 . 12 . 17 . 7 . . . . . Full Trace Events 12 | . 1 . . . 2 . 1 . 5 . 3 . . . . . Feedback Events 1 | . . . . . . . . . 1 . . . . . . . Corruption 1 | . . . . . . . . . 1 . . . . . . . Feedback Blocked . | . . . . . . . . . . . . . . . . . Robot Schematics Acquired 2 | . 2 . . . . . . . . . . . . . . . Robots Built . | . . . . . . . . . . . . . . . . . Matter . | . . . . . . . . . . . . . . . . . Time . | . . . . . . . . . . . . . . . . . Total Robot Build Rating . | . . . . . . . . . . . . . . . . . Part Schematics Acquired 23 | . . . . . 3 . 5 . 15 . . . . . . . Parts Built 3 | . . . . . . . . . 1 . 2 . . . . . Matter 398 | . . . . . . . . . 186 . 212 . . . . . Time 86 | . . . . . . . . . 33 . 53 . . . . . Total Part Build Rating 14 | . . . . . . . . . 2 . 12 . . . . . Parts Repaired 4 | . 1 . . . . . 2 . 1 . . . . . . . Time 143 | . 26 . . . . . 98 . 19 . . . . . . . Parts Recycled . | . . . . . . . . . . . . . . . . . Recycled Matter . | . . . . . . . . . . . . . . . . . Retrieved Matter . | . . . . . . . . . . . . . . . . . Retrieved Components . | . . . . . . . . . . . . . . . . . Parts Scanalyzed 19 | . . . . . 2 . 3 . 14 . . . . . . . Part Schematics Acquired 19 | . . . . . 2 . 3 . 14 . . . . . . . Parts Damaged 1 | . . . . . . . . . 1 . . . . . . . Bothacking | -11 -10 -10 -10 -9 -8 -8 -8 -8 -7 -7 -6 -6 -6 -6 -6 -5 ------------ Run | Scr Mat Min Exi Min Mat Gar Mat Gar Fac Gar Fac Low Low Zio Dee Pro Used RIF Installer 3 | . . . . . . 1 . 1 . 1 . . . . . . Coupler Efficiency 1 | . . . . . . . . . . 1 . . . . . . Threat Obfuscator 1 | . . . . . . . . 1 . . . . . . . . Robots Hacked 9 | . . . 4 . . . . . 3 . 2 . . . . . Non-combat 7 | . . . 3 . . . . . 2 . 2 . . . . . Combat 2 | . . . 1 . . . . . 1 . . . . . . . Robot Hacks Applied 10 | . . . 4 . . . . . 4 . 2 . . . . . parse_system 4 | . . . 4 . . . . . . . . . . . . . find_chute 1 | . . . . . . . . . 1 . . . . . . . drop_inventory 2 | . . . . . . . . . 1 . 1 . . . . . locate_stockpiles 1 | . . . . . . . . . 1 . . . . . . . go_dormant 1 | . . . . . . . . . 1 . . . . . . . streamctrl_low 1 | . . . . . . . . . . . 1 . . . . . Relay Couplers Released 24 | . . . . . . . . 8 2 14 . . . . . . Machine Destruction 24 | . . . . . . . . 8 2 14 . . . . . . Attached 5 | . . . . . . . . . 2 2 1 . . . . . Robots Rewired 1 | . . . . . 1 . . . . . . . . . . . Allies Hacked . | . . . . . . . . . . . . . . . . . Hacks Repelled . | . . . . . . . . . . . . . . . . . Allies | -11 -10 -10 -10 -9 -8 -8 -8 -8 -7 -7 -6 -6 -6 -6 -6 -5 -------- Run | Scr Mat Min Exi Min Mat Gar Mat Gar Fac Gar Fac Low Low Zio Dee Pro Total Allies 4 | . . . . . 1 . . . . . 1 2 . . . . Largest Group 2 | . . . . . 1 . . . . . 1 2 . . . . Highest-Rated Group 56 | . . . . . 15 . . . . . 20 56 . . . . Highest-Rated Ally 31 | . . . . . 15 . . . . . 20 31 . . . . Total Orders 1 | . . . . . . . . . . . 1 . . . . . AID 1 | . . . . . . . . . . . 1 . . . . . Ally Attacks . | . . . . . . . . . . . . . . . . . Total Damage . | . . . . . . . . . . . . . . . . . Kills . | . . . . . . . . . . . . . . . . . Allies Corrupted . | . . . . . . . . . . . . . . . . . Allies Melted . | . . . . . . . . . . . . . . . . . Intel | -11 -10 -10 -10 -9 -8 -8 -8 -8 -7 -7 -6 -6 -6 -6 -6 -5 ------- Run | Scr Mat Min Exi Min Mat Gar Mat Gar Fac Gar Fac Low Low Zio Dee Pro Robot Analysis Total 7 | . 4 . . . 2 . 1 . . . . . . . . . Derelict Logs Recovered 5 | . . 2 . 1 . . . . . . . 1 1 . . . Drone Launches . | . . . . . . . . . . . . . . . . . Drone Recoveries . | . . . . . . . . . . . . . . . . . Exploration | -11 -10 -10 -10 -9 -8 -8 -8 -8 -7 -7 -6 -6 -6 -6 -6 -5 ------------- Run | Scr Mat Min Exi Min Mat Gar Mat Gar Fac Gar Fac Low Low Zio Dee Pro Turns Passed 25264 | 94 1251 405 999 408 1707 218 1937 499 3783 660 464 271 129 8038 3866 535 Spaces Moved 10842 | 78 778 326 753 262 704 121 1013 258 2042 408 535 612 308 1030 1341 273 Core 15 | 13 . . . . . . . . . . . . . 2 . . Treads 391 | 5 34 . . . 7 . . . 341 . . . . 3 1 . Legs 2205 | . . . . . . . . . . . . . . 592 1340 273 Wheels 6496 | 60 744 326 753 262 697 121 1013 258 1701 408 153 . . . . . Hover . | . . . . . . . . . . . . . . . . . Flight 1735 | . . . . . . . . . . . 382 612 308 433 . . Fastest Speed 37 | 50 90 120 100 150 130 130 100 130 110 100 37 37 40 40 110 110 Average Speed 118 | 94 110 120 129 150 153 130 129 135 151 119 59 37 40 99 125 116 Slowest Speed 260 | 160 180 120 150 150 260 130 130 140 240 120 120 120 40 160 210 170 Overloaded Moves . | . . . . . . . . . . . . . . . . . Propulsion Burnouts . | . . . . . . . . . . . . . . . . . Robots Hopped . | . . . . . . . . . . . . . . . . . Cave-ins Triggered . | . . . . . . . . . . . . . . . . . Exploration Rate (%) 57 | 5 98 77 89 60 71 30 88 45 56 62 18 65 50 51 83 36 Regions Visited 16 Branch Regions 8 Pre-discovered Areas 8 | . 1 1 1 . 1 . 1 . 1 . 1 1 . . . . Known Exits Taken 4 | . . . . . 1 . 1 . 1 . 1 . . . . . Unknown Exits Taken 9 | 1 1 1 1 1 . . . . . . . 1 1 1 1 . Scrap Searched 13 | . . 1 . 1 . . . . . . . 8 . 2 . 1 Spaces Dug 23 | . . . . . 2 . . . 6 . 5 . . 1 9 . Terrain Destroyed 191 | . . 26 . 32 17 7 5 . 75 10 5 . . 1 13 . Melee 12 | . . . . . 2 . . . 4 . 4 . . 1 1 . Projectile 33 | . . . . . . . 4 . 6 10 1 . . . 12 . AOE 146 | . . 26 . 32 15 7 1 . 65 . . . . . . . Terrain Rammed . | . . . . . . . . . . . . . . . . . Walls Destroyed . | . . . . . . . . . . . . . . . . . Machines Disabled . | . . . . . . . . . . . . . . . . . Actions | -11 -10 -10 -10 -9 -8 -8 -8 -8 -7 -7 -6 -6 -6 -6 -6 -5 --------- Run | Scr Mat Min Exi Min Mat Gar Mat Gar Fac Gar Fac Low Low Zio Dee Pro Total 22148 | 91 990 334 777 273 1166 154 1460 376 2556 576 652 648 310 7938 3370 477 Wait 9706 | . 63 . . . 270 14 243 39 204 74 66 . . 6731 1847 155 Move 10823 | 77 777 325 752 261 703 119 1012 256 2041 406 534 611 307 1029 1340 273 Hop . | . . . . . . . . . . . . . . . . . Pick Up 199 | 5 21 1 13 5 24 1 30 5 40 2 6 9 . 20 6 11 Fast Attach 121 | 7 3 . 1 . 11 1 15 1 32 8 5 3 . 21 12 1 Attach 67 | . 5 2 1 . 10 1 1 2 15 3 5 4 . 6 4 8 Detach 20 | . . . 1 . 1 . . . 8 3 2 1 . 3 1 . Swap 96 | . 5 1 1 . 22 2 9 3 23 4 6 1 1 12 5 1 Drop 223 | . 9 . 4 2 31 2 27 5 50 9 9 10 . 35 16 14 Fire 566 | 2 107 5 . 5 89 14 123 33 126 . 5 1 . . 54 2 Melee 224 | . . . 4 . 2 . . . 14 3 13 8 2 81 85 12 Ram 1 | . . . . . . . . . 1 . . . . . . . Kick . | . . . . . . . . . . . . . . . . . Crush 3 | . . . . . . . . . 2 . 1 . . . . . Escape Stasis 96 | . . . . . . . . 32 . 64 . . . . . . Rewire 3 | . . . . . 3 . . . . . . . . . . . Trap . | . . . . . . . . . . . . . . . . . Miscellaneous . | . . . . . . . . . . . . . . . . . Route ------- -11/Scrapyard -10/Materials (discovered 4 exits: [*Mat x3] / [*Min]) -10/Mines (discovered 3 exits: [*Mat x2] / *Exi) -10/Exiles -9/Mines -8/Materials (discovered 4 exits: *Fac x3 / Gar) -8/Garrison -8/Materials (discovered 4 exits: *Fac x3 / Gar) -8/Garrison -7/Factory (discovered 4 exits: *Fac / [*Low x2] / Gar) -7/Garrison (discovered 2 exits: *Fac x2) -6/Factory (discovered 2 exits: *Low x2) -6/Lower Caves -6/Lower Caves (discovered 2 exits: [*Fac] / *Zio) -6/Zion (discovered 2 exits: [*Dee] / [*Pro]) -6/Deep Caves -5/Proximity Caves History --------- Turn | Location | Event 15 | -11/Scrapyard | Discovered new exit (range 15) 95 | -11/Scrapyard | Entered Materials 300 | -10/Materials | Build established: Mutant 351 | -10/Materials | Discovered new exit (range 16) 607 | -10/Materials | Discovered new exit (range 5) 814 | -10/Materials | Discovered new exit (range 8) 940 | -10/Materials | Core integrity fell below 50% 1041 | -10/Materials | Repaired Lgt. Treads 1206 | -10/Materials | Central database locked down 1206 | -10/Materials | Discovered new exit (range 12) 1346 | -10/Materials | Entered Mines 1374 | -10/Mines | Learned location of Storage (-9) 1385 | -10/Mines | Core integrity fell below 20% 1481 | -10/Mines | Discovered new exit (range 8) 1601 | -10/Mines | Discovered new exit (range 8) 1603 | -10/Mines | Learned location of 1 exit from Materials 1745 | -10/Mines | Deemed a non-threat by the Exiles lab entrance 1746 | -10/Mines | Discovered new exit (range 5) 1751 | -10/Mines | Entered Exiles 1781 | -10/Exiles | Met 8R-AWN 1808 | -10/Exiles | Met EX-HEX 1859 | -10/Exiles | Met EX-DEC 1865 | -10/Exiles | Learned location of Zion (-6) 1918 | -10/Exiles | Visited The Gauntlet 2196 | -10/Exiles | Met EX-BIN 2213 | -10/Exiles | Aligned with FarCom system 2214 | -10/Exiles | Given EX-Vault access code 2241 | -10/Exiles | Opened EX-Vault 2267 | -10/Exiles | Found AWS/Autocannon 2294 | -10/Exiles | Warned to stay clear of 0b10 Research branches 2671 | -10/Exiles | Build established: Hauler-Mutant 2738 | -10/Exiles | Discovered new exit (range 10) 2750 | -10/Exiles | Left Exiles lab with AWS/Autocannon 2750 | -10/Exiles | Entered Mines 2764 | -9/Mines | Met a Derelict bent on vengeance 2904 | -9/Mines | Assembled infested the area 2909 | -9/Mines | Assisted by a Guerilla fighting off Assembled 3120 | -9/Mines | Discovered new exit (range 8) 3158 | -9/Mines | Entered Materials 3158 | -8/Materials | Evolved 4 slots: Utility x3, Weapon x1 3159 | -8/Materials | Identified exit to Factory 3300 | -8/Materials | Lost 5 parts (1p1n3w) 3969 | -8/Materials | Build established: Hauler-Skirmisher 4070 | -8/Materials | Central database locked down 4118 | -8/Materials | Discovered exit to Factory (range 13) 4787 | -8/Materials | Garrison activated, responded to threat 4863 | -8/Materials | Identified exit to Garrison 4865 | -8/Materials | Entered Garrison 4944 | -8/Garrison | Triggered checkpoint 5034 | -8/Garrison | Discovered new exit (range 15) 5076 | -8/Garrison | Installed Relay Interface Framework 5083 | -8/Garrison | Entered Materials 5244 | -8/Materials | Core integrity fell below 50% 5749 | -8/Materials | Discovered exit to Factory (range 15) 6011 | -8/Materials | Central database locked down 6290 | -8/Materials | Discovered exit to Factory (range 16) 6865 | -8/Materials | Repaired Enh. Autogun 6905 | -8/Materials | Repaired Hvy. Armor Plating 6974 | -8/Materials | Discovered exit to Factory (range 12) 7019 | -8/Materials | Identified exit to Garrison 7020 | -8/Materials | Entered Garrison 7027 | -8/Garrison | Expanded RIF knowledge: Threat Obfuscation 7070 | -8/Garrison | Triggered checkpoint 7106 | -8/Garrison | Garrison Relay disabled 7218 | -8/Garrison | Destroyed 7 combat bots 7320 | -8/Garrison | Triggered checkpoint 7343 | -8/Garrison | Core integrity fell below 20% 7430 | -8/Garrison | Triggered checkpoint 7463 | -8/Garrison | Garrison Relay disabled 7502 | -8/Garrison | Discovered exit to Factory (range 12) 7519 | -8/Garrison | Entered Factory 7519 | -7/Factory | Evolved 2 slots: Power x1, Propulsion x1 8307 | -7/Factory | Lost 3 parts (1p1u1w) 8909 | -7/Factory | Discovered new exit (range 15) 9372 | -7/Factory | Fabricated Imp. Flight Unit? 9468 | -7/Factory | Found Powered Armor 9551 | -7/Factory | Discovered new exit (range 5) 9810 | -7/Factory | Garrison activated, responded to threat 9935 | -7/Factory | Repaired Hvy. Armor Plating 10136 | -7/Factory | Discovered new exit (range 12) 10280 | -7/Factory | Build established: Hauler-Mutant 10676 | -7/Factory | Identified exit to Garrison 10719 | -7/Factory | First assault squad dispatched 11302 | -7/Factory | Entered Garrison 11334 | -7/Garrison | Build established: Mutant 11360 | -7/Garrison | Triggered checkpoint 11376 | -7/Garrison | Garrison Relay disabled 11522 | -7/Garrison | Triggered checkpoint 11542 | -7/Garrison | Discovered new exit (range 9) 11590 | -7/Garrison | Destroyed 7 combat bots 11654 | -7/Garrison | Triggered checkpoint 11676 | -7/Garrison | Garrison Relay disabled 11759 | -7/Garrison | Core integrity fell below 50% 11812 | -7/Garrison | Discovered new exit (range 10) 11830 | -7/Garrison | Expanded RIF knowledge: Coupler Efficiency 11874 | -7/Garrison | Triggered checkpoint 11907 | -7/Garrison | Garrison Relay disabled 11962 | -7/Garrison | Entered Factory 11962 | -6/Factory | Evolved 2 slots: Propulsion x1, Utility x1 12172 | -6/Factory | Local fabrication network quarantined 12175 | -6/Factory | Build established: Bothacker-Mutant 12195 | -6/Factory | Fabricated Nuclear Pulse Array (x2) 12312 | -6/Factory | First assault squad dispatched 12385 | -6/Factory | Discovered new exit (range 5) 12403 | -6/Factory | Identified exit to Lower Caves 12426 | -6/Factory | Entered Lower Caves 12522 | -6/Lower Caves | Encountered a Warlord checkpoint 12555 | -6/Lower Caves | Learned Factory non-interactive machine intel 12634 | -6/Lower Caves | A Commander dispatched an escort 12638 | -6/Lower Caves | Learned location of Armory (-4) 12638 | -6/Lower Caves | Learned Extension emergency access door positions 12638 | -6/Lower Caves | Learned Extension stockpile data 12638 | -6/Lower Caves | Learned Extension terminal intel 12638 | -6/Lower Caves | Learned Armory garrison access intel 12693 | -6/Lower Caves | Discovered new exit (range 7) 12696 | -6/Lower Caves | Attracted the attention of an 0b10 checkpoint 12697 | -6/Lower Caves | Entered another Lower Caves area 12701 | -6/Lower Caves | Discovered new exit (range 12) 12770 | -6/Lower Caves | Learned Factory security intel 12795 | -6/Lower Caves | Encountered a Warlord checkpoint 12797 | -6/Lower Caves | Discovered new exit (range 15) 12826 | -6/Lower Caves | Entered Zion 12867 | -6/Zion | Discovered new exit (range 11) 12869 | -6/Zion | Found CR-A16's Pointy Stick 13068 | -6/Zion | System corruption cleaned by Quarantine Array 13158 | -6/Zion | Build established: Mutant 18491 | -6/Zion | RIF detected upon attempting to enter Zion 18491 | -6/Zion | Attacked by Zionites 18491 | -6/Zion | Spotted 84-EJ0(B) 18492 | -6/Zion | Revealed the true nature of CR-A16's Pointy Stick 18495 | -6/Zion | Destroyed 84-EJ0(B) 18632 | -6/Zion | Core integrity fell below 50% 18687 | -6/Zion | Lost 12 parts (3p3n4u2w) 18871 | -6/Zion | Found Rocket Array 18930 | -6/Zion | Build established: Scavenger-Mutant 19023 | -6/Zion | Found Prototype Device 19023 | -6/Zion | Identified Bomb Factory No. 2 19102 | -6/Zion | Found Prototype Processor 19102 | -6/Zion | Identified Exp. Core Analyzer 19110 | -6/Zion | Found Prototype Hackware 20112 | -6/Zion | Discovered new exit (range 3) 20670 | -6/Zion | Destroyed Imprinter 20673 | -6/Zion | Extracted access codes from Imprinter's data core 20864 | -6/Zion | Entered Deep Caves 21690 | -6/Deep Caves | Found Prototype Protection 21690 | -6/Deep Caves | Identified Zio. Weapon Casing 21820 | -6/Deep Caves | Found Prototype Protection 21831 | -6/Deep Caves | Discovered new exit (range 18) 21904 | -6/Deep Caves | Identified Zio. Heavy Carapace 21953 | -6/Deep Caves | Z-Facility disabled 22443 | -6/Deep Caves | Exposed GOLEM chamber 23748 | -6/Deep Caves | Spotted as-56391 23764 | -6/Deep Caves | Destroyed as-56391 23873 | -6/Deep Caves | Spotted as-05739 23899 | -6/Deep Caves | Core integrity fell below 20% 23929 | -6/Deep Caves | Destroyed as-05739 23939 | -6/Deep Caves | Lost 4 parts (1n2u1w) 24672 | -6/Deep Caves | Found GOLEM Unit 24730 | -6/Deep Caves | Entered Proximity Caves 25085 | -5/Proximity Caves | Build established: Derelict-Mutant 25265 | -5/Proximity Caves | Destroyed by H-66 Slayer with Heavy Assault Rifle Last Messages --------------- 25178_ Found Unknown Energy Cannon. 25178_ Found Imp. Sensor Array. 25178_ Found Recalibrator. 25178_ Found 15 Matter. 25181_ Discarded Mak. Terrain Scan Processor. 25181_ Dropped Zio. Heavy Carapace. 25183_ GOLEM Unit beginning Asb. Biocell Array integration. 25192_ Acquired 10 matter. 25194_ Dropped Battle Rifle. 25194_ Acquired Unknown Energy Cannon. 25194_ Identified Adv. Plasma Cannon. 25199_ Asb. Biocell Array integration complete. 25199_ Dropped Carbon-fiber Leg. 25200_ GOLEM Unit beginning Asb. Alloy Leg integration. 25204_ Acquired 5 matter. 25261_ C-30 ARC bursts open, deploying its payload. 25261_ H-66 Slayer unfolds itself. 25261_ Slug penetrates Wall. 25262_ Acquired 5 matter. 25265_ Penetrated by Slug. Map ----- +----------------------------------------------------+ | ## ####?# ########??#### | | ## ###?# ##??????## ### # | | ## ##?# ##????#??# #### ##?# # | | # ##?## #?????#??# ## #??## #?# # | | #### #??#?????###### #???###### ## | | # % ### ##?##?????????#####????????# ##? | | ### ##??###########???????????## ##?? | | ?### ##### ##?## #????????????##???? | | ?### ###?#?## ### #??????????????????? | | #?## #?##???## #??????????????????? | | #?# #??##### #???????????????????? | | ?# ##?# ## ##???????????????????? | | ??# ###????????????????????? | | #?# ##?????????????????????? | | #?# ##????????????????????? | | ###! #????????????????????? | | # ##!%= ###????????????????????? | | # ## ##???##?????????????????? | | ##?###???# ###???????????????? | | ########### !###??????## ##??????????????? | | ? #????????### %#????#### #??????????????? | | ???#?######### !#???## #???????????????? | | ???# #???# ##??????????????? | | ?????######## ##### h #??????????????? | | ????????????## #??????????????? | | ?????????????### !@% ????????? | | ???????????????# #####! # ????????? | | ??????????????# ???#=[# ????????? | | ??????????????# ???#! #? ?????????? | | ??????????????### ???# #?## ?????????? | | ????????????????# ??? #???# ## ??????????? | | ????????????????# ?? ????### ##????????????? | | ????????????????? ?? ????????##?????????????? | | ????????????????? ??????????????????????? | | ????????????????? ??????????????????????? | | ????????????????? ?????????????????????? | | ????????????????? ?????????????????????? | | ????????????????? ######????????????????????? | | ????????????????? #??????????????????????????? | | ?????????????????? #???????????????????????????? | | ????????????????????#????????????????????????????? | | ?????????????????????????????????????????????????? | | ?????????????????????????????????????????????????? | | ?????????????????????????????????????????????????? | | ?????????????????????????????????????????????????? | | ?????????????????????????????????????????????????? | | ?????????????????????????????????????????????????? | | ?????????????????????????????????????????????????? | | ?????????????????????????????????????????????????? | | ?????????????????????????????????????????????????? | +----------------------------------------------------+ Best States ------------- Heat Dissipation 61 Coolant Potential 50 Energy Generation 41 Energy Capacity 1500 Matter Stores 300 Matter Capacity 300 Sight Range 18 Robot Scan Range 13 Terrain Scan Range 18 Terrain Scan Density 135 Cloak Strength 2 Additional Mass Support 18 Armor Coverage 1200 Resistance: KI 30 Resistance: TH 10 Resistance: EM 15 Utility Shielding 33 Melee Speed Boost 20 Evasion (%) 62 Target Analysis 5 Core Analysis 15 Armor Integrity Analysis 33 Recoil Reduction 2 Offensive Hacking 10 Defensive Hacking 10 Relay Coupler Types 48 Relay Coupler Value 2 Item Schematics ----------------- Hacking Suite | -8/Materials | Hacked Humpback | -8/Materials | Scanalyzed Adv. Terrain Scanner | -8/Materials | Scanalyzed Imp. Flight Unit | -8/Materials | Hacked Med. Storage Unit | -8/Materials | Hacked Arm. Huge Wheel | -8/Materials | Scanalyzed System Shield | -8/Materials | Scanalyzed Hvy. EM Shotgun | -8/Materials | Scanalyzed Enh. Autogun | -7/Factory | Scanalyzed Adv. EMP Blaster | -7/Factory | Scanalyzed Remote Datajack | -7/Factory | Scanalyzed Hvy. Armor Plating | -7/Factory | Scanalyzed Adv. Weight Redist. System | -7/Factory | Scanalyzed Great Axe | -7/Factory | Scanalyzed Hvy. Flail | -7/Factory | Scanalyzed Hcp. Matter Pod | -7/Factory | Scanalyzed Mic. Nuclear Core | -7/Factory | Scanalyzed Cld. Pulse Rifle | -7/Factory | Scanalyzed Imp. Shield Generator | -7/Factory | Scanalyzed Coolant Injector | -7/Factory | Scanalyzed Nuclear Pulse Array | -7/Factory | Hacked Powered Armor | -7/Factory | Scanalyzed Greatsword | -7/Factory | Scanalyzed Robot Schematics ------------------ M-13 Machinist | -10/Materials | Hacked O-16 Technician | -10/Materials | Hacked Fabricated ------------ Imp. Flight Unit | x1 | -7/Factory Nuclear Pulse Array | x2 | -6/Factory Alien Tech Used ----------------- None Achievements -------------- None Challenges ------------ None Game ------ Seed InsulationChargeSteel Manual? 0 Play Time 03:34:26 Cumulative 406.7 hours Start 2020.10.27 @ 21:08:07 End 2020.10.28 @ 01:05:56 Sessions 1 Manual Loads 0 Difficulty Rogue Special Mode None Game No. 144 Rogue 141 Adventurer 3 Explorer 0 Win Type - Total 6 Types 3/1/0/1/0/1/0/0/0 Lore% 90 Gallery% 94 Achievement% 76 Wizard Run 0 Options --------- ASCII 0 Keyboard 0 Movement Numpad Keybinds 0 Fullscreen 1 Font 18/SmallcapsGlow Map View 76x50 Tactical HUD 1 Map Filters NONE Filters NONE Steam 1 RUN: 59622bb3-e78b-40bc-bafc-185320dd5afb